Map: Seething Jungle

Players

TheSpartan - Winner!

  • Race: Protoss Protoss
  • League: Diamond
  • Spawn Location: 12:00

CrazENick - Winner!

  • Race: Zerg Zerg
  • League: Gold
  • Spawn Location: 1:00

BLINKanDEATH

  • Race: Protoss Protoss
  • League: Gold
  • Spawn Location: 6:00

Grumm

  • Race: Protoss Protoss
  • League: Gold
  • Spawn Location: 7:00

VOD

Have the link to the VOD?

Description

Time

  • Played on: Jan. 23, 2016, 10:53 p.m.
  • Length: 10:48
Show
View Real Time Build Order
Export as new Build Order

TheSpartan Protoss - Winner!

Build Orders: Oracle Opening 

Get SALT Encoding   

  12  0:02  Probe (Chrono Boost)  
  13  0:12  Probe (Chrono Boost)  
  14  0:18  Pylon  
  14  0:23  Probe (Chrono Boost)  
  15  0:36  Probe (Chrono Boost)  
  16  0:43  Gateway  
  16  0:47  Probe (Chrono Boost)  
  16  0:49  Assimilator  
  17  0:54  Assimilator  
  17  0:57  Probe (Chrono Boost)  
  18  1:06  Pylon  
  18  1:12  Probe (Chrono Boost)  
  19  1:23  Probe (Chrono Boost)  
  20  1:30  Cybernetics Core  
  20  1:33  Probe (Chrono Boost)  
  21  1:44  Probe (Chrono Boost)  
  22  1:57  Nexus  
  23  2:06  Mothership Core (Chrono Boost)  
  24  2:08  Warp Gate (Chrono Boost)  
  24  2:20  Stargate  
  24  2:26  Probe (Chrono Boost)  
  25  2:37  Stalker (Chrono Boost), Probe  
  25  2:43  Pylon  
  28  2:49  Probe  
  29  3:02  Oracle (Chrono Boost)  
  32  3:06  Stalker  
  32  3:11  Probe (Chrono Boost)  
  32  3:12  Probe (Chrono Boost)  
  36  3:22  Probe (Chrono Boost)  
  36  3:23  Probe (Chrono Boost)  
  38  3:33  Probe (Chrono Boost)  
  40  3:34  Probe (Chrono Boost)  
  40  3:44  Probe x2 (Chrono Boost)  
  40  3:47  Void Ray (Chrono Boost)  
  46  3:55  Probe x2 (Chrono Boost)  
  48  4:06  Probe x2 (Chrono Boost)  
  50  4:13  Assimilator  
  50  4:15  Probe (Chrono Boost)  
  50  4:16  Probe (Chrono Boost)  
  50  4:17  Assimilator, Pylon  
  52  4:19  Pylon  
  49  4:25  Probe  
  49  4:28  Stargate, Probe  
  51  4:35  Void Ray (Chrono Boost)  
  51  4:36  Probe  
  56  4:40  Probe  
  57  4:46  Probe  
  57  4:52  Probe  
  59  5:04  Probe  
  59  5:05  Probe  
  61  5:11  Stargate  
  65  5:15  Void Ray (Chrono Boost)  
  65  5:16  Void Ray (Chrono Boost)  
  69  5:25  Pylon  
  69  5:28  Nexus  
  69  5:30  Pylon  
  69  5:31  Pylon  
  69  5:45  Pylon  
  69  5:47  Pylon  
  69  5:50  Probe  
  69  5:53  Pylon  
  74  5:58  Void Ray (Chrono Boost)  
  74  6:00  Void Ray (Chrono Boost)  
  78  6:14  Probe  
  78  6:16  Probe  
  78  6:18  Void Ray (Chrono Boost), Stargate  
  84  6:29  Probe  
  84  6:30  Probe  
  86  6:38  Pylon  
  90  6:40  Protoss Air Weapons Level 1 (Chrono Boost), Probe x2  
  90  6:41  Void Ray (Chrono Boost)  
  90  6:42  Probe  
  90  6:46  Assimilator  
  93  6:50  Assimilator  
  93  6:51  Probe x2  
  93  6:52  Void Ray (Chrono Boost)  
  99  7:03  Probe  
  99  7:04  Probe x2  
  106  7:09  Void Ray (Chrono Boost)  
  106  7:14  Probe x2  
  106  7:15  Probe  
  109  7:25  Probe  
  109  7:27  Probe x2  
  120  7:35  Void Ray x3 (Chrono Boost)  
  124  7:45  Probe x2  
  124  7:46  Probe  
  127  7:59  Probe  
  127  8:01  Probe  
  133  8:08  Void Ray (Chrono Boost)  
  137  8:16  Probe  
  137  8:18  Void Ray (Chrono Boost)  
  138  8:21  Stargate  
  138  8:23  Stargate  
  138  8:28  Nexus  
  138  8:29  Pylon  
  138  8:31  Pylon  
  138  8:32  Cybernetics Core  
  138  8:34  Pylon  
  138  8:37  Pylon  
  138  8:40  Pylon  
  138  8:46  Probe  
  138  8:47  Void Ray (Chrono Boost)  
  138  8:48  Probe  
  144  8:49  Void Ray (Chrono Boost)  
  144  8:54  Probe, Protoss Air Armor Level 1 (Chrono Boost)  
  144  8:55  Fleet Beacon  
  148  8:57  Probe  
  148  9:01  Assimilator  
  150  9:05  Assimilator  
  150  9:15  Void Ray (Chrono Boost)  
  154  9:35  Void Ray (Chrono Boost)  
  162  9:42  Void Ray (Chrono Boost)  
  166  9:46  Void Ray (Chrono Boost)  
  166  10:10  Probe  
Show
View Real Time Build Order
Export as new Build Order

CrazENick Zerg - Winner!

Build Orders: Hatch First, Lurkers 

Get SALT Encoding   

  12  0:08  Overlord  
  12  0:15  Drone  
  12  0:18  Drone  
  14  0:35  Drone x2  
  16  0:41  Drone  
  17  0:53  Drone  
  18  1:09  Overlord  
  18  1:10  Hatchery  
  17  1:19  Spawning Pool  
  17  1:21  Drone  
  17  1:26  Drone  
  17  1:30  Extractor  
  17  1:33  Extractor  
  17  1:38  Drone  
  17  1:46  Drone  
  18  2:00  Overlord  
  18  2:06  Queen  
  20  2:12  Roach Warren  
  20  2:13  Drone  
  20  2:19  Drone  
  21  2:28  Queen  
  23  2:30  Drone  
  23  2:34  Drone  
  25  2:38  Drone  
  25  2:42  Drone  
  27  2:48  Drone  
  28  2:53  Overlord  
  28  3:03  Lair  
  28  3:11  Roach  
  28  3:12  Roach  
  32  3:17  Roach  
  34  3:23  Roach  
  34  3:26  Roach  
  38  3:31  Roach  
  40  3:35  Roach  
  42  3:41  Roach  
  42  3:43  Roach  
  42  3:48  Roach  
  48  3:53  Roach  
  50  3:57  Roach  
  52  4:05  Overlord  
  52  4:14  Overlord  
  52  4:17  Glial Reconstitution  
  52  4:27  Drone x3  
  52  4:28  Drone  
  52  4:30  Drone  
  57  4:37  Roach  
  57  4:46  Hydralisk Den  
  34  5:14  Drone x3  
  34  5:18  Roach  
  34  5:19  Roach x5  
  49  5:27  Overlord  
  49  5:30  Roach  
  51  5:35  Extractor  
  51  5:37  Roach, Extractor  
  51  5:41  Lurker Den  
  51  5:44  Pneumatized Carapace  
  51  5:46  Drone  
  46  6:03  Queen  
  46  6:04  Drone  
  46  6:05  Drone x2  
  49  6:15  Drone x2  
  49  6:19  Evolution Chamber, Roach x4  
  49  6:20  Evolution Chamber  
  49  6:21  Drone  
  56  6:30  Drone  
  56  6:31  Drone  
  58  6:33  Drone x2  
  60  6:40  Ravager x4  
  64  6:52  Drone x2  
  64  6:54  Overlord x3  
  66  6:55  Overlord  
  66  7:03  Ravager  
  66  7:07  Drone  
  68  7:18  Drone x3  
  68  7:19  Drone  
  68  7:21  Zerg Missile Weapons Level 1  
  72  7:26  Zerg Ground Armor Level 1, Hatchery  
  71  7:31  Roach  
  71  7:32  Roach  
  71  7:34  Hydralisk  
  77  7:41  Hydralisk  
  77  7:43  Burrow  
  79  7:55  Muscular Augments  
  79  7:58  Hydralisk  
  79  8:01  Hydralisk  
  83  8:12  Drone x2  
  85  8:16  Hydralisk x2  
  85  8:17  Roach x2  
  93  8:26  Drone  
  93  8:27  Drone, Extractor  
  94  8:28  Drone x2  
  94  8:29  Extractor  
  94  8:31  Drone  
  94  8:34  Drone  
  97  8:35  Overlord x3  
  97  8:40  Lurker x2  
  99  8:44  Lurker  
  100  8:53  Lurker  
  101  8:59  Drone  
  102  9:03  Drone  
  102  9:05  Infestation Pit  
  102  9:06  Queen  
  102  9:07  Drone x2  
  102  9:09  Drone  
  107  9:18  Hatchery  
  107  9:22  Roach  
  107  9:23  Hydralisk, Roach  
  112  9:43  Overseer  
  112  9:44  Overseer  
  112  9:45  Hydralisk  
  112  9:46  Hydralisk x3  
Show
View Real Time Build Order
Export as new Build Order

BLINKanDEATH Protoss 

Build Orders:  

Get SALT Encoding   

  12  0:01  Probe (Chrono Boost)  
  13  0:11  Probe (Chrono Boost)  
  14  0:20  Pylon  
  14  0:22  Probe (Chrono Boost)  
  15  0:38  Probe (Chrono Boost)  
  15  0:42  Gateway  
  16  0:49  Probe (Chrono Boost)  
  17  0:56  Pylon  
  17  0:59  Probe (Chrono Boost)  
  17  1:00  Assimilator  
  18  1:05  Assimilator  
  18  1:10  Probe (Chrono Boost)  
  19  1:20  Probe (Chrono Boost)  
  20  1:31  Probe (Chrono Boost)  
  21  1:33  Cybernetics Core  
  21  1:41  Probe (Chrono Boost)  
  22  1:47  Gateway  
  22  1:52  Probe (Chrono Boost)  
  23  1:55  Pylon  
  23  2:02  Probe (Chrono Boost)  
  24  2:12  Warp Gate (Chrono Boost)  
  24  2:13  Mothership Core  
  26  2:45  Nexus  
  26  2:47  Pylon  
  26  2:48  Pylon  
  26  2:53  Pylon  
  26  2:55  Sentry  
  28  2:59  Sentry  
  30  3:11  Forge  
  30  3:14  Probe  
  31  3:23  Sentry  
  31  3:25  Sentry  
  31  3:27  Probe  
  36  3:39  Probe  
  37  3:48  Photon Cannon  
  37  3:52  Photon Cannon  
  37  4:00  Probe  
  37  4:02  Probe  
  39  4:11  Probe  
  39  4:14  Probe  
  41  4:41  Robotics Facility x2  
  41  4:51  Pylon  
  33  5:13  Assimilator  
  33  5:15  Assimilator  
  33  5:22  Gateway  
  33  5:25  Gateway  
  33  5:26  Protoss Ground Weapons Level 1  
  33  5:28  Gateway  
  33  5:30  Observer  
  33  5:31  Gateway, Immortal  
  33  5:33  Probe  
  33  5:35  Probe  
  40  5:43  Stalker x2  
  40  5:44  Probe  
  40  5:47  Probe  
  46  5:54  Probe  
  51  6:04  Immortal  
  51  6:10  Immortal  
  55  6:17  Stalker x2  
  57  6:27  Stalker  
  59  6:43  Probe  
  59  6:44  Probe  
  61  6:53  Probe  
  61  6:55  Stalker x6  
  61  6:56  Probe  
  75  7:13  Photon Cannon  
  75  7:17  Photon Cannon  
  75  7:20  Photon Cannon  
  75  7:21  Photon Cannon  
  75  7:33  Probe  
  75  7:34  Probe  
  77  7:43  Probe  
  77  7:46  Probe  
  79  8:10  Protoss Ground Armor Level 1  
  79  8:14  Nexus  
  79  8:16  Assimilator  
  79  8:31  Stalker x3  
  85  8:41  Pylon  
  85  8:43  Pylon  
  85  8:44  Pylon  
  85  8:45  Pylon  
  85  8:50  Pylon  
  85  8:51  Pylon x2  
  85  8:55  Pylon  
  85  8:58  Pylon  
  85  8:59  Pylon, Immortal x2  
  93  9:03  Stalker  
  95  9:26  Mothership Core  
  95  9:30  Stalker x4  
  71  10:29  Stalker x4  
  71  10:30  Stalker x2  
Show
View Real Time Build Order
Export as new Build Order

Grumm Protoss 

Build Orders:  

Get SALT Encoding   

  12  0:01  Probe (Chrono Boost)  
  13  0:12  Probe (Chrono Boost)  
  14  0:19  Pylon  
  14  0:22  Probe (Chrono Boost)  
  15  0:37  Gateway, Probe (Chrono Boost)  
  16  0:43  Assimilator  
  16  0:48  Probe (Chrono Boost)  
  17  0:58  Probe (Chrono Boost)  
  18  1:11  Gateway  
  18  1:14  Probe (Chrono Boost)  
  18  1:18  Pylon  
  19  1:25  Cybernetics Core  
  19  1:27  Probe (Chrono Boost)  
  20  1:37  Probe (Chrono Boost)  
  21  1:40  Assimilator  
  21  1:46  Forge  
  21  1:49  Probe (Chrono Boost)  
  24  2:02  Mothership Core (Chrono Boost)  
  24  2:03  Stalker  
  26  2:10  Zealot  
  28  2:20  Pylon, Probe (Chrono Boost)  
  29  2:31  Photon Cannon  
  29  2:35  Warp Gate  
  29  2:46  Adept  
  29  2:47  Adept  
  33  2:54  Protoss Ground Weapons Level 1 (Chrono Boost)  
  33  3:18  Stalker  
  33  3:19  Pylon, Zealot  
  37  3:29  Robotics Facility  
  37  4:02  Stalker  
  39  4:03  Zealot  
  41  4:18  Nexus  
  41  4:20  Gateway  
  41  4:25  Pylon  
  41  4:39  Immortal  
  41  5:10  Stalker x2  
  45  5:16  Protoss Ground Armor Level 1 (Chrono Boost)  
  45  5:31  Probe  
  45  5:33  Probe  
  47  5:40  Observer  
  48  5:55  Pylon  
  35  6:12  Stalker x3  
  41  6:32  Probe  
  42  6:35  Gateway  
  42  6:36  Twilight Council  
  42  6:37  Photon Cannon  
  42  6:39  Pylon  
  42  6:50  Stalker  
  42  6:51  Stalker x2  
  47  7:04  Probe  
  47  7:05  Assimilator  
  47  7:06  Probe  
  49  7:09  Assimilator, Protoss Ground Armor Level 2 (Chrono Boost)  
  49  7:15  Probe  
  49  7:18  Probe  
  49  7:20  Blink (Chrono Boost)  
  43  7:32  Stalker  
  45  7:44  Cybernetics Core  
  45  8:17  Photon Cannon  
  45  8:21  Pylon  
  45  8:29  Pylon  
  45  8:31  Stalker  
  45  8:33  Pylon  
  47  8:46  Probe x2  
  49  8:58  Probe  
  49  8:59  Probe  
  51  9:10  Probe  
  52  9:18  Probe  
  52  9:22  Probe  
  54  9:54  Stalker x2  
  54  9:55  Stalker x2  
  62  10:29  Stalker x4  
Tags
 
Add a new tag
Caveats
  • Supply blocks, unpowered buildings, or Contaminate may cause inaccurate times.
  • Supply counts are checked every 10 seconds.